 Dungeon Crawl Stone Soup version 0.28.0 (console) character file.

Game seed: 13647447967999022677

73 CannotBeFrozen the Chopper (level 4, -1/41 HPs)
             Began as a Hill Orc Monk on Feb 11, 2022.
             Slain by Grinder (11 damage)
             ... on level 3 of the Dungeon.
             The game lasted 00:09:02 (2945 turns).

CannotBeFrozen the Chopper (Hill Orc Monk)          Turns: 2945, Time: 00:09:03

Health: -1/41      AC:  0    Str: 15    XL:     4   Next: 27%
Magic:  4/4        EV: 14    Int: 10    God:
Gold:   82         SH:  0    Dex: 13    Spells: 3/3 levels left

rFire   . . .      SeeInvis .   (weapon currently unavailable)
rCold   . . .      Faith    .   (shield currently unavailable)
rNeg    . . .      Spirit   .   (armour currently unavailable)
rPois   .          Reflect  .   (helmet currently unavailable)
rElec   .          Harm     .   (cloak currently unavailable)
rCorr   .          Rampage  .   (gloves currently unavailable)
Will    .....                   (boots currently unavailable)
Stlth   ++........              (no amulet)
HPRegen 0.13/turn               (ring currently unavailable)
MPRegen 0.09/turn               (ring currently unavailable)

@: pig-form (expiring), very quick
A: fast, no casting, small
a: no special abilities


You were on level 3 of the Dungeon.
You were a filthy swine.
You visited 1 branch of the dungeon, and saw 3 of its levels.

You collected 82 gold pieces.

Inventory:

Hand Weapons
 a - a +0 broad axe (melded)
 b - a +0 hunting sling
 j - a +0 hand axe
Missiles
 f - 49 arrows
 g - 33 stones (quivered)
 k - 2 throwing nets {=f =F}
Armour
 e - a +0 robe (melded)
Magical Staves
 h - a staff of cold
Scrolls
 c - a scroll of teleportation {@r2}
 d - a scroll of enchant armour {unknown}
 i - a scroll of identify {unknown}
 n - a scroll of brand weapon {unknown}
Potions
 l - a potion of heal wounds {unknown}
 m - a potion of invisibility {unknown}


   Skills:
 - Level 4.5 Fighting
 + Level 5.9 Axes
 - Level 2.4 Dodging
 - Level 1.5 Stealth


You had 3 spell levels left.
You didn't know any spells.
Your spell library was empty.

Dungeon Overview and Level Annotations

Branches:
Dungeon (3/15)

Altars:

Annotations:
D:3 Grinder


Message History

Grinder hits you!
You writhe in agony.
HP: 27/41 (-14) =======----- !!!
You hit Grinder.
Grinder is heavily wounded.
You hit Grinder but do no damage.
Grinder is heavily wounded.
Grinder hits you!
* * * LOW HITPOINT WARNING * * *
HP: 20/41 (-7) =====------- !
You hit Grinder but do no damage.
Grinder is heavily wounded.
Grinder misses you.
You hit Grinder.
Grinder is heavily wounded.
Grinder hits you.
* * * LOW HITPOINT WARNING * * *
You writhe in agony.
* * * LOW HITPOINT WARNING * * *
HP: 10/41 (-10) ==---------- !!
You hit Grinder but do no damage.
Grinder is heavily wounded.
Grinder closely misses you.
You hit Grinder but do no damage.
Grinder is heavily wounded.
Grinder barely misses you.
You hit Grinder but do no damage.
Grinder is heavily wounded.
Grinder gestures at you. Pain shoots through your body!
* * * LOW HITPOINT WARNING * * *
HP: 10/41 (-1) ==---------- Unknown command.
You closely miss Grinder.
Grinder is heavily wounded.
Your transformation is almost over.
Grinder misses you.
You hit Grinder.
Grinder is heavily wounded.
Grinder hits you!
You die...

#..###.......
#..###....... .#
#............ (#
#.########### .( #.#
(# ..# (# .###### (#
......# ##########5#
...##.# #......>.h.#
##.##.###.##########
##.##.....#
##.######## ##.# ..#
###


You could see Grinder.

Vanquished Creatures
  2 adders (D:2)
  3 dart slugs
  12 ball pythons
  4 endoplasms
  A giant cockroach (D:1)
  4 hobgoblins
  4 jackals (D:1)
  A quokka (D:3)
  3 bats
  2 frilled lizards
  6 kobolds
  6 rats
48 creatures vanquished.

Notes
Turn   | Place    | Note
-------+----------+-------------------------------------------
     0 | D:1      | CannotBeFrozen the Hill Orc Monk began the quest for the
                  | Orb.
     0 | D:1      | Reached XP level 1. HP: 19/19 MP: 1/1
   307 | D:1      | Reached XP level 2. HP: 21/27 MP: 2/2
   812 | D:1      | Reached XP level 3. HP: 5/34 MP: 3/3
  1094 | D:1      | Found a faded altar of an unknown god.
  1803 | D:2      | Reached skill level 5 in Axes
  2273 | D:2      | Reached XP level 4. HP: 10/41 MP: 4/4
  2921 | D:3      | Noticed Grinder
  2945 | D:3      | Slain by Grinder

Illustrated notes

Levels and vault maps discovered:
D:1:      dpeg_arrival_connections, layout_basic,
          nicolae_ecumenical_snake_handling
D:2:      layout_basic
D:3:      layout_loops_cross, serial_glass, glass_columns_a, glass_columns_a,
          amcnicky_mini_corridor_feature, minmay_cut_off, uniq_grinder

Skill      XL: |  1  2  3 |
---------------+----------+-----
Fighting       | 4 |  4.5
Axes           | 5 |  5.9
Dodging        | |  2.4
Stealth        | |  1.5

Action                   |  1- 3 |  4- 6 || total
-------------------------+-------+-------++-------
Melee: Hand axe          |    79 |       ||    79
       Punch             |     1 |       ||     1
       Broad axe         |    18 |     9 ||    27
       Unarmed           |       |    10 ||    10
 Fire: Hunting sling     |    38 |    26 ||    64
  Use: Potion            |     1 |       ||     1
       Scroll            |       |     1 ||     1
 Stab: Sleeping          |     2 |       ||     2
Armor: Robe              |    20 |     1 ||    21
Dodge: Dodged            |    75 |     6 ||    81
